 Dungeon Crawl Stone Soup version 0.27-a0-1384-g1422d76b99 (webtiles) character file.

Game seed: 10466319178896494101

6 dickylongcocking the Magician (level 2, 0/23 HPs)
             Began as a Djinni Wanderer on July 1, 2021.
             Slain by a jackal (2 damage)
             ... on level 1 of the Dungeon.
             The game lasted 00:00:35 (190 turns).

dickylongcocking the Magician (Djinni Wanderer)      Turns: 190, Time: 00:00:35

Health: 0/23       AC:  2    Str: 11    XL:     2   Next: 0%
Gold:   6          EV: 11    Int: 13    God:
                   SH:  0    Dex: 12

rFire    + + .     SeeInvis .   a - +0 dagger
rCold    x . .     Faith    .   (no shield)
rNeg     . . .     Spirit   .   b - +0 robe
rPois    ∞         Reflect  .   (no helmet)
rElec    .         Harm     .   (no cloak)
rCorr    .         Rampage  .   (no gloves)
Will     .....                  (boots unavailable)
Stlth    +.........             (no amulet)
HPRegen  0.07/turn              (no ring)
MPRegen  0.00/turn              (no ring)

@: flying
A: sickness immunity, fire resistance 2, cold vulnerability 1, float, innate
caster, hp casting, extra vitality 1
a: no special abilities


You were on level 1 of the Dungeon.
You visited 1 branch of the dungeon, and saw 1 of its levels.

You collected 6 gold pieces.

Inventory:

Hand Weapons
 a - a +0 dagger (weapon)
Armour
 b - a +0 robe (worn)
Potions
 c - a potion of flight {unknown}


   Skills:
 * Level 1.9 Fighting
 - Level 1.5 Crossbows
 - Level 2.0 Armour
 - Level 1.0 Shields
 - Level 2.4 Spellcasting
 - Level 1.0 Evocations


You couldn't memorise any spells.
You knew the following spells:

 Your Spells              Type           Power      Damage    Failure   Level
a - Foxfire               Conj/Fire      28%        2x1d5     9%          1
b - Blink                 Tloc           N/A        N/A       14%         2
c - Call Imp              Summ           7%         N/A       14%         2
d - Slow                  Hex            7%         N/A       14%         2
e - Conjure Flame         Conj/Fire      7%         6-21      26%         3
f - Mephitic Cloud        Conj/Pois/Air  7%         N/A       26%         3
g - Vampiric Draining     Necr           3%         2d6       26%         3
h - Pain                  Necr           28%        1d5       9%          1
i - Magic Dart            Conj           28%        1d4       9%          1
j - Ignite Poison         Fire/Tmut/Pois 7%         N/A       26%         3

Your spell library contained the following spells:

 Spells                   Type           Power      Damage    Failure   Level


Dungeon Overview and Level Annotations

Branches:
Dungeon (1/15)

Altars:


Innate Abilities, Weirdness & Mutations

You are immune to sickness and miasma.
You are immune to poison.
Your flesh is very heat resistant. (rF++)
You are vulnerable to cold. (rC-)
You float through the air rather than walking.
You learn spells naturally, not from books.
Your magical power is your life essence.
You have superior vitality. (+4 HP)


Message History

Nothing appears to happen.
Unknown command.
Casting: Foxfire (safe; 9% risk of failure)
Confirm with . or Enter, or press ? or * to list all spells.
You conjure some foxfire!
* * * LOW HITPOINT WARNING * * *
The jackal bites you.
* * * LOW HITPOINT WARNING * * *
Unknown command.
You miss the jackal.
The foxfire hits the jackal.
The jackal is heavily wounded.
The jackal closely misses you. x2
Unknown command.
The jackal bites you.
* * * LOW HITPOINT WARNING * * *
The jackal barely misses you.
Casting: Foxfire (safe; 9% risk of failure)
Confirm with . or Enter, or press ? or * to list all spells.
Okay, then.
Casting: Foxfire (safe; 9% risk of failure)
Confirm with . or Enter, or press ? or * to list all spells.
A beastly little devil appears in a puff of flame.
* * * LOW HITPOINT WARNING * * *
The jackal misses you.
Your magical contamination has completely faded away.
Unknown command.
Unknown command.
Unknown command.
Unknown command.
Your crimson imp hits the jackal.
The jackal bites you.
* * * LOW HITPOINT WARNING * * *
Your crimson imp closely misses the jackal.
The jackal misses your crimson imp.
Casting: Call Imp (safe; 14% risk of failure)
Confirm with . or Enter, or press ? or * to list all spells.
Okay, then.
The endoplasm barely misses your crimson imp.
The jackal bites you.
You die...

#.#.##. .##.##.........
#.##.#####.##.#........
##.##.....##.##...#....
##.#######.##...## ..
##.......###..##
####⌠#### #..## ####
#)..# #.# ###...#
###.###h@.#.#..
#...h5........#
##..####.#.#..#####.##
.......).#...## ..#
....########## #.# . ..


You could see 2 jackals and a friendly crimson imp (summoned).

Vanquished Creatures
  An endoplasm (D:1)
  2 goblins (D:1)
  A hobgoblin (D:1)
  A frilled lizard (D:1)
5 creatures vanquished.

Vanquished Creatures (others)
  8 foxfires (D:1)
8 creatures vanquished.

Grand Total: 13 creatures vanquished

Notes
Turn   | Place    | Note
-------+----------+-------------------------------------------
     0 | D:1      | dickylongcocking the Djinni Wanderer began the quest for
                  | the Orb.
     0 | D:1      | Reached XP level 1. HP: 17/17 MP: 0/0
   179 | D:1      | Reached XP level 2. HP: 8/23 MP: 0/0
   190 | D:1      | Slain by a jackal

Illustrated notes

Levels and vault maps discovered:
D:1:      nagdon_arrival_double_spiral, layout_rooms,
          hellmonk_ecumenical_altar_zigzags

Action                   || total
-------------------------++-------
Melee: Dagger            ||     6
 Cast: Foxfire           ||     7
       Call Imp          ||     1
Dodge: Dodged            ||     6

Table legend: (Time is in decaauts)
 A = Elapsed time spent in this place.
 B = Non-inter-level travel time spent in this place.
 C = Inter-level travel time spent in this place.
 D = Time resting spent in this place.
 E = Time spent auto-exploring this place.
 F = Levels seen in this place.
 G = Mean time per level.
                   A        B        C        D        E       F      G
               +--------+--------+--------+--------+--------+-----+--------+
         Total |    190 |    190 |      0 |      0 |    150 |   1 |  190.0 |
       Dungeon |    190 |    190 |      0 |      0 |    150 |   1 |  190.0 |
               +--------+--------+--------+--------+--------+-----+--------+

Top non-repeatable levels by time:
     D:1: 190 daAuts
